 Dungeon Crawl Stone Soup version 0.26.1-11-gd32895ea62 (webtiles) character file.

Game seed: 5855599071806765408

9 phalm the Conjurer (level 2, 7/20 HPs)
             Began as a Demonspawn Conjurer on June 23, 2021.
             Quit the game on level 1 of the Dungeon.
             The game lasted 00:00:57 (255 turns).

phalm the Conjurer (Demonspawn Conjurer)             Turns: 255, Time: 00:00:58

Health: 7/20       AC:  2    Str:  7    XL:     2   Next: 3%
Magic:  0/5        EV: 12    Int: 19    God:
Gold:   7          SH:  0    Dex: 11    Spells: 4/5 levels left

rFire    . . .     SeeInvis .   (no weapon)
rCold    . . .     Faith    .   (no shield)
rNeg     . . .     Spirit   .   a - +0 robe
rPois    .         Reflect  .   (no helmet)
rElec    .         Harm     .   (no cloak)
rCorr    .         Rampage  .   (no gloves)
Will     .....                  (no boots)
Stlth    ++........             (no amulet)
HPRegen  0.06/turn              (no ring)
MPRegen  0.09/turn              (no ring)

@: no status effects
A: demonic guardian 1
a: no special abilities


You were on level 1 of the Dungeon.
You visited 1 branch of the dungeon, and saw 1 of its levels.

You collected 7 gold pieces.


Innate Abilities, Weirdness & Mutations

A weak demonic guardian rushes to your aid.


   Skills:
 + Level 0.5 Fighting
 - Level 1.7 Dodging
 - Level 1.7 Stealth
 + Level 2.1 Spellcasting
 * Level 4.2 Conjurations


You had 4 spell levels left.
You knew the following spells:

 Your Spells              Type           Power        Failure   Level
m - Magic Dart            Conj           72%          3%          1

Your spell library contained the following spells:

 Spells                   Type           Power        Failure   Level
 Searing Ray              Conj           36%          4%          2
 Dazzling Flash           Conj/Hex       20%          21%         3
 Fulminant Prism          Conj/Hex       5%           56%         4
 Iskenderun's Mystic Bla  Conj/Tloc      10%          56%         4

Inventory:

Armour
 a - a +0 robe (worn)
Scrolls
 b - a scroll of fog {unknown}

Dungeon Overview and Level Annotations

Branches:
Dungeon (1/15)

Altars:

######################
........##....#.##...#
.#....#....#...##.##..#
..#.#.#...#..#..#.#..#..#
..)......##..#..##. #K.
...#...#......#..#.# .
...#...##..#.#K##.
#....#......#.@#.#
#.....##......##.#
#.........##..#.##
....##..#..#...#.######
#...#...#..#...#.###
...#......##.###.#..##
...###รท...#...#.#.##..#
.#. ..#....##.##.##..##
......#...##.#.โ€ #.<#


You could see a kobold.


Message History

You barely miss the jackal. The jackal bites you. ๐Ÿ˜• HP[-1]
You take 1 damage, and now have 13/14 hp.
You closely miss the jackal. The jackal barely misses you.
The jackal bites you but does no damage.
You barely miss the jackal. The jackal barely misses you.
You hit the jackal but do no damage. The jackal barely misses you.
The jackal closely misses you.
You barely miss the jackal.
The jackal bites you but does no damage. ๐Ÿ˜• MP[+1]
Casting: Magic Dart (safe; 3% risk of failure)
Confirm with . or Enter, or press ? or * to list all spells.
Aiming: Magic Dart (safe; 3% risk of failure)
Press: ? - help, Shift-Dir - straight line, f/p - jackal
Aim: a jackal (0% to evade)
The magic dart hits the jackal.
The jackal misses you. ๐Ÿ˜Ž HP[+1] MP[-1]
Your hp is fully restored (14).
You lost 1 mp, and now have 0/3 mp.
You hit the jackal but do no damage. The jackal barely misses you. x2
You hit the jackal but do no damage.
The jackal bites you but does no damage.
You hit the jackal but do no damage. The jackal closely misses you.
The jackal bites you. ๐Ÿ˜• HP[-2]
You take 2 damage, and now have 12/14 hp.
You barely miss the jackal. The jackal closely misses you.
You closely miss the jackal. The jackal closely misses you.
You closely miss the jackal. The jackal closely misses you.
The jackal barely misses you.
You barely miss the jackal. The jackal barely misses you.
You barely miss the jackal. The jackal barely misses you.
The jackal bites you. ๐Ÿ˜ฎ HP[-3]
You take 3 damage, and now have 9/14 hp.
MASSIVE DAMAGE!! (PAUSE)
The jackal barely misses you. ๐Ÿ˜ฎ MP[+1]
You hit the jackal. The jackal closely misses you.
Casting: Magic Dart (safe; 3% risk of failure)
Confirm with . or Enter, or press ? or * to list all spells.
Aiming: Magic Dart (safe; 3% risk of failure)
Press: ? - help, Shift-Dir - straight line, f/p - jackal
Aim: a jackal (lightly wounded, 0% to evade)
The magic dart hits the jackal.
The jackal bites you but does no damage.
The jackal misses you. ๐Ÿ˜ฎ MP[-1]
You lost 1 mp, and now have 0/3 mp.
You closely miss the jackal.
The jackal bites you but does no damage.
You hit the jackal but do no damage. The jackal bites you.
* * * LOW HITPOINT WARNING * * *
The jackal bites you but does no damage. ๐Ÿ˜จ HP[-2]
You take 2 damage, and now have 7/14 hp.
You hit the jackal but do no damage. The jackal misses you.
Unknown command.
You closely miss the jackal. The jackal barely misses you.
You closely miss the jackal. The jackal completely misses you.
The jackal bites you.
* * * LOW HITPOINT WARNING * * *
๐Ÿ˜จ HP[-2]
You take 2 damage, and now have 5/14 hp.
You barely miss the jackal. The jackal bites you.
* * * LOW HITPOINT WARNING * * *
๐Ÿ˜จ HP[-1]
You take 1 damage, and now have 4/14 hp.
Unknown command.
You hit the jackal.
You kill the jackal!
You have reached level 2!
Your demonic ancestry asserts itself...
You feel the presence of a demonic guardian. ๐Ÿ˜จ HP[+2]
You now have 20 max hp (+6).
You regained 2 hp, and now have 6/20 hp.
Casting: Magic Dart (safe; 3% risk of failure)
Confirm with . or Enter, or press ? or * to list all spells.
You don't have enough magic to cast that spell.
You closely miss the kobold.
The kobold hits you but does no damage. ๐Ÿ˜จ HP[+1]
You barely miss the kobold. The kobold closely misses you.
You closely miss the kobold. The kobold misses you. ๐Ÿ˜จ MP[+1]
You hit the kobold but do no damage. The kobold barely misses you.
You completely miss the kobold. The kobold misses you.
Casting: Magic Dart (safe; 3% risk of failure)
Confirm with . or Enter, or press ? or * to list all spells.
Aiming: Magic Dart (safe; 3% risk of failure)
Press: ? - help, Shift-Dir - straight line, f - kobold
Aim: a kobold, wielding a +0 whip (0% to evade)
The magic dart hits the kobold.
The kobold misses you. ๐Ÿ˜จ MP[-1]
You lost 1 mp, and now have 0/5 mp.
You barely miss the kobold. The kobold closely misses you.
You hit the kobold but do no damage. The kobold hits you but does no damage.
You hit the kobold but do no damage. The kobold closely misses you.
Are you sure you want to abandon this character and quit the game? (Confirm with "yes".)
Okay, then.
Are you sure you want to abandon this character and quit the game? (Confirm with "yes".)

Action                   || total
-------------------------++-------
Melee: Unarmed           ||    31
 Cast: Magic Dart        ||    17
Armor: Robe              ||     8
Dodge: Dodged            ||    29

Levels and vault maps discovered:
D:1:      erik_arrival_cave_to_civilisation [erik_arrival_cave_to_hall],
          layout_loops_ring

Notes
Turn   | Place    | Note
-------+----------+-------------------------------------------
     0 | D:1      | phalm the Demonspawn Conjurer began the quest for the Orb.
     0 | D:1      | Reached XP level 1. HP: 13/13 MP: 3/3
     0 | D:1      | magus.rc [v1.9.10]
   246 | D:1      | Gained mutation: A weak demonic guardian rushes to your
                  | aid. [demonic ancestry]
   246 | D:1      | Reached XP level 2. HP: 6/20 MP: 0/5
   255 | D:1      | Quit the game

Vanquished Creatures
  2 goblins (D:1)
  2 jackals (D:1)
  A kobold (D:1)
  A bat (D:1)
  2 frilled lizards (D:1)
8 creatures vanquished.

Table legend:
 A = Non-vault XP
 B = Vault XP
 C = Vault XP percentage of total XP
 D = Non-vault monster count
 E = Vault monster count
 F = Vault count percentage of total count
                 A         B        C        D         E       F
            +---------+---------+-------+---------+---------+-------
      Total |      13 |       0 |   0.0 |       8 |       0 |   0.0
            +---------+---------+-------+---------+---------+-------
        D:1 |      13 |       0 |   0.0 |       8 |       0 |   0.0
            +---------+---------+-------+---------+---------+-------

Illustrated notes

Table legend:
 A = Kills in this place as a percentage of kills in entire the game.
 B = Kills by you in this place as a percentage of kills by you in the entire game.
 C = Kills by friends in this place as a percentage of kills by friends in the entire game.
 D = Other kills in this place as a percentage of other kills in the entire game.
 E = Experience gained in this place as a percentage of experience gained in the entire game.
 F = Experience gained in this place divided by the number of levels of this place that you have seen.
                   A       B       C       D       E      F
               +-------+-------+-------+-------+-------+----------------------
         Total | 100.0 | 100.0 |   N/A |   N/A | 100.0 |  13.0
       Dungeon | 100.0 | 100.0 |   N/A |   N/A | 100.0 |  13.0
               +-------+-------+-------+-------+-------+----------------------

Table legend: (Time is in decaauts)
 A = Elapsed time spent in this place.
 B = Non-inter-level travel time spent in this place.
 C = Inter-level travel time spent in this place.
 D = Time resting spent in this place.
 E = Time spent auto-exploring this place.
 F = Levels seen in this place.
 G = Mean time per level.
                   A        B        C        D        E       F      G
               +--------+--------+--------+--------+--------+-----+--------+
         Total |    255 |    255 |      0 |      0 |    163 |   1 |  255.0 |
       Dungeon |    255 |    255 |      0 |      0 |    163 |   1 |  255.0 |
               +--------+--------+--------+--------+--------+-----+--------+

Top non-repeatable levels by time:
     D:1: 255 daAuts
